 Dungeon Crawl Stone Soup version 0.30.1-11-g7821555f0a (webtiles) character file.

Game seed: 10340706569902127767

17 73612iajs the Poker (level 2, 0/23 HPs)
             Began as a Formicid Gladiator on Dec 7, 2023.
             Slain by an endoplasm (1 damage)
             ... on level 1 of the Dungeon.
             The game lasted 00:04:49 (619 turns).

73612iajs the Poker (Formicid Gladiator)             Turns: 619, Time: 00:04:49

Health: 0/23       AC:  3    Str: 18    XL:     2   Next: 80%
Magic:  2/2        EV: 12    Int:  7    God:
Gold:   80         SH:  0    Dex: 15    Spells: 1/1 levels left

rFire   . . .        a - +0 trident
rCold   . . .        (no shield)
rNeg    . . .        b - +0 leather armour
rPois   .            (helmet unavailable)
rElec   .            (no cloak)
rCorr   .            (no gloves)
SInv    +            (no boots)
Will    .....        (no amulet)
Stlth   +            (no ring)
HPRegen 0.23/turn    (no ring)
MPRegen 0.08/turn

%: no passive effects
@: no status effects
A: permanent stasis, dig shafts and tunnels, antennae 3, four strong arms
a: Dig, Shaft Self


You were on level 1 of the Dungeon.
You visited 1 branch of the dungeon, and saw 1 of its levels.

You collected 80 gold pieces.

Inventory:

Hand Weapons
 a - a +0 trident (weapon)
 f - a +0 short sword
 g - a +0 dagger
 i - a +0 short sword
Missiles
 c - 3 throwing nets (quivered)
 d - a javelin
Armour
 b - a +0 leather armour (worn)
 e - a +0 leather armour
Potions
 h - a potion of mutation {unknown}
 j - a potion of berserk rage {unknown}


   Skills:
 + Level 2.3 Fighting
 + Level 3.4 Polearms
 + Level 2.0 Throwing
 + Level 0.2 Armour
 + Level 3.0 Dodging


You had one spell level left.
You didn't know any spells.
Your spell library was empty.

Dungeon Overview and Level Annotations

Branches:
Dungeon (1/15)

Altars:


Innate Abilities, Weirdness & Mutations

You cannot be hasted, slowed, berserked, paralysed or teleported.
You can dig through walls and to a lower floor.
You have a pair of large antennae on your head. (SInv)
Your four strong arms can wield two-handed weapons with a shield.


Message History

The ball python completely misses you. The ball python closely misses you.
The bat hits you but does no damage. The kobold barely misses you.
The frilled lizard misses you. The bat barely misses you.
The bat hits you but does no damage. The frilled lizard closely misses you.
The endoplasm attacks as you move away! The endoplasm closely misses you.
The bat barely misses you. The bat hits you but does no damage.
The endoplasm jiggles.
The bat barely misses you. The bat hits you but does no damage.
The endoplasm hits you.
* * * LOW HITPOINT WARNING * * *
The bat barely misses you. The endoplasm attacks as you move away!
The endoplasm hits you.
* * * LOW HITPOINT WARNING * * *
The bat attacks as you move away! The bat misses you.
A frilled lizard comes into view.
The frilled lizard hisses angrily.
The bat hits you but does no damage. The bat closely misses you.
The bat closely misses you. The bat hits you but does no damage.
Found a scroll labelled CUCIERCHIENG.
The bat hits you.
* * * LOW HITPOINT WARNING * * *
The bat misses you. The bat closely misses you.
The bat attacks as you move away! The bat barely misses you. x2
The bat misses you.
The endoplasm hits you but does no damage.
The bat hits you but does no damage.
You puncture the bat!
You kill the bat!
The endoplasm freezes you.
You are frozen.
* * * LOW HITPOINT WARNING * * *
You puncture the ball python!
You kill the ball python!
The endoplasm hits you.
You die...

..... #..:.......#
..... #..........#
....l.##.........#
......#..........#
........#####.####
......#.# #.#
.....{#.#####.######
..... #.#.lJ.......#
..... #.K...@#. ####
###.##†#.# #.##...#
#?##...# #......#
####.### #.# ..#


You could see an endoplasm, a kobold and a frilled lizard.

Vanquished Creatures
  A dart slug (D:1)
  2 endoplasms (D:1)
  2 giant cockroaches (D:1)
  A hobgoblin (D:1)
  A quokka (D:1)
  2 ball pythons (D:1)
  3 bats (D:1)
  2 kobolds (D:1)
  A rat (D:1)
15 creatures vanquished.

Notes
Turn   | Place    | Note
-------+----------+-------------------------------------------
     0 | D:1      | 73612iajs the Formicid Gladiator began the quest for the
                  | Orb.
     0 | D:1      | Reached XP level 1. HP: 16/16 MP: 1/1
   190 | D:1      | Reached XP level 2. HP: 20/22 MP: 2/2
   618 | D:1      | HP: 1/22 [frozen (3)]
   619 | D:1      | Slain by an endoplasm

Illustrated notes

Levels and vault maps discovered:
D:1:      dpeg_arrival_renting, layout_basic, chequers_jeans

Skill      XL: |  1  2 |
---------------+-------+-----
Dodging        | 3 |  3.0
Fighting       | |  2.3
Polearms       | |  3.4
Throwing       | |  2.0
Armour         | |  0.2

Action                     || total
---------------------------++-------
  Melee: Trident           ||    46
         Punch             ||     2
  Throw: Javelin           ||     1
 Armour: Leather armour    ||    41
  Dodge: Dodged            ||    78
